 Dungeon Crawl Stone Soup version 0.25-a0-576-g50b708a4c4 (webtiles) character file.

Game seed: 14197440956664063072, levelgen mode: deterministic

3635 Flugslaktarn the Cleaver (level 9, -8/81 (82) HPs)
             Began as a Deep Dwarf Fighter on Mar 1, 2020.
             Was a Believer of Makhleb.
             Mangled by a two-headed ogre
             ... wielding a +0 giant spiked club
              (19 damage)
             ... on level 8 of the Dungeon.
             The game lasted 00:03:03 (4491 turns).

Flugslaktarn the Cleaver (Deep Dwarf Fighter)       Turns: 4491, Time: 00:03:04

HP:   -8/81 (82)    AC: 17    Str: 23    XL:     9   Next: 87%
MP:   8/8           EV:  5    Int:  9    God:    Makhleb [**....]
Gold: 251           SH: 11    Dex: 12    Spells: 8/8 levels left

rFire    . . .     SeeInvis .   a - +0 war axe
rCold    . . .     Gourm    .   c - +0 kite shield
rNeg     . . .     Faith    .   f - +0 plate armour
rPois    .         Spirit   .   (no helmet)
rElec    .         Reflect  .   C - +2 cloak
rCorr    .         Harm     +   B - +0 pair of gloves
MR       +....                  (no boots)
Stlth    ..........             A - amulet of harm
HPRegen  0.00/turn              (no ring)
MPRegen  0.11/turn              (no ring)

@: non-regenerating
A: damage resistance, heal wounds, sense surroundings 2, no regeneration
a: Heal Wounds, Minor Destruction, Renounce Religion


You were on level 8 of the Dungeon.
You worshipped Makhleb.
Makhleb was pleased with you.
You were not hungry.

You visited 2 branches of the dungeon, and saw 9 of its levels.

You collected 251 gold pieces.

Inventory:

Hand Weapons
 a - a +0 war axe (weapon)
Missiles
 m - a throwing net (quivered)
Armour
 c - a +0 kite shield (worn)
 f - a +0 plate armour (worn)
   (You found it on level 2 of the Dungeon)
 B - a +0 pair of gloves (worn)
   (You found it on level 7 of the Dungeon)
 C - a +2 cloak (worn)
   (You found it on level 7 of the Dungeon)
Jewellery
 A - an amulet of harm (around neck)
   (You found it on level 6 of the Dungeon)
Wands
 p - a wand of enslavement (5)
   (You found it on level 4 of the Dungeon)
Scrolls
 g - a scroll of noise {unknown}
 j - a scroll of magic mapping
 n - a scroll of fear
 t - 3 scrolls of teleportation
 w - 3 scrolls of remove curse
 y - 2 scrolls of summoning
Potions
 d - 3 potions of might
 h - a potion of lignification {unknown}
 i - a potion of berserk rage {unknown}
 k - 3 potions of haste {unknown}
 o - 4 potions of curing {unknown}
 r - 2 potions of flight {unknown}
 v - a potion of cancellation {unknown}
 z - a potion of invisibility {unknown}
Comestibles
 b - 3 chunks of flesh
 e - 8 rations


   Skills:
 + Level 6.0 Fighting
 * Level 9.6 Axes
 + Level 7.2 Armour
 + Level 7.3 Shields
 + Level 6.1 Invocations


You had 8 spell levels left.
You didn't know any spells.
Your spell library was empty.

Dungeon Overview and Level Annotations

Branches:
Dungeon (8/15)             Temple (1/1) D:5
   Lair: D:8-11

Altars:
Ashenzari
Cheibriados
Elyvilon
Fedhas
Gozag
Makhleb
Nemelex Xobeh
Okawaru
Qazlal
Sif Muna
Trog
Vehumet
Wu Jian
Yredelemnul
Zin


Innate Abilities, Weirdness & Mutations

You are resistant to damage.
You can heal yourself by infusing magical energy.
You passively map the area around you.
You do not regenerate.


Message History

A two-headed ogre is nearby!
A two-headed ogre is nearby!
The two-headed ogre hits you with a +0 giant spiked club!
The two-headed ogre hits you with a +0 giant club!
You hit the two-headed ogre.
The two-headed ogre is lightly wounded.
You block the two-headed ogre's attack.
The two-headed ogre hits you with a +0 giant club!
You hit the two-headed ogre but do no damage.
The two-headed ogre is lightly wounded.
You block the two-headed ogre's attack.
The two-headed ogre hits you but does no damage.
You hit the two-headed ogre.
The two-headed ogre is lightly wounded.
You closely miss the two-headed ogre.
The two-headed ogre is lightly wounded.
The two-headed ogre hits you with a +0 giant spiked club!!
* * * LOW HITPOINT WARNING * * *
The two-headed ogre hits you with a +0 giant club!!
You die...

#.# ...# #....#
#.########.#..##.##.#
#####
#.....##...##..#.##>#
#...# #####.).)#*
#...##.###...#
#.)######*##......#...#
#####.......#
#.###..>...#
......#####... #.#
####...# ####### * *#.#
#...# # , #@# #...# *
#O# ##### * * #.# * ,
..., , , ... ....., *
#####* *


You could see a two-headed ogre.

Vanquished Creatures
  Maggie (D:7)
  Edmund (D:5)
  Duvessa (D:5)
  3 orc warriors
  3 ice beasts
  2 sky beasts
  3 ogres
  A phantom (D:6)
  2 necrophages
  4 centaurs
  A big kobold (D:8)
  Blork the orc (D:5)
  3 bullfrogs
  Dowan (D:5)
  2 scorpions
  A howler monkey (D:5)
  A crimson imp (D:7)
  3 bullfrog zombies
  A centaur skeleton (D:6)
  4 hounds
  Crazy Yiuf (D:7)
  3 jellies
  9 orc wizards
  Jessica (D:2)
  7 worker ants
  A howler monkey skeleton (D:4)
  3 gnolls (D:6)
  6 adders
  2 shadow imps
  2 adder zombies
  A worm (D:2)
  A dart slug (D:2)
  2 leopard geckos
  29 orcs
  A bat (D:2)
  A giant cockroach (D:4)
  2 goblins
  9 jackals
  3 quokkas
  A ball python skeleton (D:5)
  A frilled lizard (D:2)
  2 jackal zombies (D:5)
  11 kobolds
  A quokka zombie (D:7)
139 creatures vanquished.

Vanquished Creatures (others)
  A wizard (D:7)
  An orc wizard (D:5)
2 creatures vanquished.

Grand Total: 141 creatures vanquished

Notes
Turn   | Place    | Note
-------+----------+-------------------------------------------
     0 | D:1      | Flugslaktarn the Deep Dwarf Fighter began the quest for the
                  | Orb.
     0 | D:1      | Reached XP level 1. HP: 20/20 MP: 1/1
   163 | D:2      | Found a faded altar of an unknown god.
   174 | D:2      | Reached XP level 2. HP: 25/27 MP: 2/2
   187 | D:2      | Noticed Jessica
   195 | D:2      | Killed Jessica
   195 | D:2      | Reached skill level 3 in Axes
   195 | D:2      | Reached XP level 3. HP: 32/34 MP: 3/3
   394 | D:4      | Reached XP level 4. HP: 37/42 MP: 4/4
   484 | D:4      | Noticed an ogre
   495 | D:4      | Killed an ogre
   495 | D:4      | Reached skill level 4 in Axes
   495 | D:4      | Reached XP level 5. HP: 27/49 MP: 5/5
   545 | D:5      | Entered Level 5 of the Dungeon
   555 | D:5      | Noticed Duvessa
   556 | D:5      | Noticed Dowan
   601 | D:5      | Killed Duvessa
   601 | D:5      | Reached XP level 6. HP: 43/57 MP: 6/6
   608 | D:5      | Reached skill level 5 in Axes
   625 | D:5      | Killed Dowan
  1301 | D:5      | Reached XP level 7. HP: 58/64 MP: 6/6
  1337 | D:5      | Reached skill level 5 in Armour
  1337 | D:5      | Reached skill level 5 in Shields
  1343 | D:5      | Found a staircase to the Ecumenical Temple.
  1355 | Temple   | Entered the Ecumenical Temple
  1550 | Temple   | Became a worshipper of Makhleb the Destroyer
  1659 | D:5      | Noticed Edmund
  1659 | D:5      | Noticed Blork the orc
  1682 | D:5      | Killed Blork the orc
  1682 | D:5      | Reached skill level 6 in Axes
  1682 | D:5      | Reached skill level 1 in Invocations
  1694 | D:5      | Killed Edmund
  1880 | D:5      | Found a white marble altar of Elyvilon.
  2113 | D:6      | Reached * piety under Makhleb
  2151 | D:6      | Reached XP level 8. HP: 61/73 MP: 5/5
  2264 | D:6      | Reached skill level 7 in Axes
  2410 | D:6      | Found an iron altar of Okawaru.
  2609 | D:6      | Noticed an angel
  2610 | D:6      | Found a glowing silver altar of Zin.
  2684 | D:6      | Reached skill level 5 in Fighting
  2979 | D:7      | Reached skill level 8 in Axes
  3085 | D:7      | Reached ** piety under Makhleb
  3109 | D:7      | Gained mutation: You passively map the area around you.
                  | [Deep Dwarf growth]
  3109 | D:7      | Reached XP level 9. HP: 79/81 MP: 7/7
  3265 | D:7      | Found a runed translucent door.
  3266 | D:7      | Noticed Crazy Yiuf
  3392 | D:7      | Noticed Maggie
  3407 | D:7      | Killed Maggie
  3438 | D:7      | Reached skill level 5 in Invocations
  3511 | D:7      | Found a bloodstained altar of Trog.
  3514 | D:7      | Noticed a wizard
  3520 | D:7      | Killed a wizard
  4080 | D:7      | Killed Crazy Yiuf
  4176 | D:8      | Reached skill level 9 in Axes
  4484 | D:8      | Noticed a two-headed ogre
  4491 | D:8      | Mangled by a two-headed ogre

Levels and vault maps discovered:
D:1:      dpeg_arrival_tiny_d, layout_basic
D:2:      layout_basic, chequers_ecumenical_altar_simple_redux, uniq_sigmund,
          uniq_jessica, uniq_robin, uniq_terence
D:3:      layout_rooms, nicolae_overflow_hidden_temple, portal_sewer_entry_c
D:4:      layout_basic, serial_rivers, chequers_serial_rivers_micro_d,
          chequers_serial_rivers_micro_c, chequers_serial_rivers_micro_c,
          chequers_serial_rivers_small_b, chequers_serial_rivers_small_3,
          chequers_serial_rivers_room_a, minmay_box_of_dots
D:5:      layout_rooms, elyvilon_altar_3, minmay_temple_entry_tees,
          first_ration, uniq_duvessa, uniq_edmund, uniq_blork_the_orc
D:6:      layout_gridville, okawaru_trees_1, zin_angel, grunt_decor_cap,
          minmay_a_box_with_orc_wizards_in_it
D:7:      layout_basic, trog_wizard, uniq_crazy_yiuf_cottage, uniq_maggie
D:8:      layout_rooms, gammafunk_temple_overflow_statue
Temple:   oiseaux_autumnal_temple

Skill      XL: |  1  2  3  4  5  6  7  8  9 |
---------------+----------------------------+-----
Fighting       | 3 4 5 6 |  6.0
Axes           | 3 4 5 6 8 9 |  9.6
Armour         | 4 5 6 7 |  7.2
Shields        | 4 5 6 7 |  7.3
Invocations    | 2 4 6 |  6.1

Action                   |  1- 3 |  4- 6 |  7- 9 || total
-------------------------+-------+-------+-------++-------
Melee: War axe           |    57 |   106 |   479 ||   642
 Abil: Heal Wounds       |     1 |     3 |     9 ||    13
  Use: Scroll            |       |       |    11 ||    11
  Eat: Chunk             |       |     1 |     6 ||     7
       Ration            |       |       |     2 ||     2
Armor: Scale mail        |    14 |       |       ||    14
       Plate armour      |    20 |    86 |   247 ||   353
Dodge: Dodged            |    16 |    16 |    81 ||   113
Block: Kite shield       |    27 |    85 |   248 ||   360

Table legend:
 A = Non-vault XP
 B = Vault XP
 C = Vault XP percentage of total XP
 D = Non-vault monster count
 E = Vault monster count
 F = Vault count percentage of total count
                 A         B        C        D         E       F
            +---------+---------+-------+---------+---------+-------
      Total |    4056 |    1138 |  21.9 |     128 |      12 |   8.6
            +---------+---------+-------+---------+---------+-------
        D:1 |       6 |       0 |   0.0 |       3 |       0 |   0.0
        D:2 |      29 |      37 |  56.1 |       8 |       1 |  11.1
        D:3 |      11 |       0 |   0.0 |       4 |       0 |   0.0
        D:4 |     205 |      15 |   6.8 |       7 |       1 |  12.5
        D:5 |     591 |     503 |  46.0 |      32 |       4 |  11.1
        D:6 |     987 |     153 |  13.4 |      26 |       4 |  13.3
        D:7 |     669 |     430 |  39.1 |      14 |       2 |  12.5
        D:8 |    1558 |       0 |   0.0 |      34 |       0 |   0.0
            +---------+---------+-------+---------+---------+-------
